[Event "2022 Norbert Muller Cup (Division C)"]
[Site "Woodvale, Perth WA AUS"]
[Date "2022.11.09"]
[Round "5"]
[White "Leech, Martin"]
[Black "Oswald, Franz"]
[Result "1/2-1/2"]
[EventDate "2022.10.12"]
[EventType "tourn"]
[EventRounds "7"]
[EventCountry "AUS"]
[TimeControl "3600+30"]
[WhiteElo "1512"]
[BlackElo "1571"]
[ECO "B21"]
[PlyCount "142"]

1. e4 c5 2. d4 cxd4 3. c3 dxc3 4. Nxc3 Nc6 5. Nf3 e6 6. Bc4 Bb4 7. O-O Nge7 8.
Bg5 h6 9. Bh4 O-O 10. Qe2 Bxc3 11. bxc3 Qa5 12. Qd3 a6 13. Bb3 d5 14. Rfd1 dxe4
15. Qxe4 Nf5 16. Rac1 Nxh4 17. Nxh4 Qc7 18. Nf3 Ne7 19. Bc2 Ng6 20. Bb1 Qf4 21.
Qd3 b5 22. g3 Qf6 23. h4 Bb7 24. Nh2 Rad8 25. Qc2 Rxd1+ 26. Rxd1 Rc8 27. Rc1
Rc5 28. Qd3 Rd5 29. Ng4 Qf5 30. Qxf5 Rxf5 31. Bxf5 exf5 32. Ne3 f4 33. gxf4
Nxf4 34. Rd1 Ne2+ 35. Kf1 Nxc3 36. Rd7 Be4 37. Ra7 Bd3+ 38. Ke1 b4 39. Nd1 Nxa2
40. Nb2 Bb5 41. Rb7 Nc3 42. Kd2 a5 43. Nd1 Nxd1 44. Kxd1 Ba4+ 45. Kc1 Bb3 46.
Kb2 a4 47. Rxb4 g6 48. f4 Kg7 49. Rb6 h5 50. Ka3 Bc2 51. Rc6 Bb3 52. Kb2 Be6
53. Ra6 Kf6 54. Rxa4 Kf5 55. Kc3 Kg4 56. Kd2 Kxh4 57. f5+ Kg5 58. fxe6 fxe6 59.
Ke2 Kf5 60. Kf2 g5 61. Kg3 e5 62. Ra8 h4+ 63. Kh3 Kf4 64. Rf8+ Ke3 65. Kg4 e4
66. Kxg5 h3 67. Rh8 Kd2 68. Rxh3 e3 69. Rh8 e2 70. Rd8+ Kc1 71. Rc8+ Kd1
1/2-1/2

[Event "2022 Norbert Muller Cup (Division D)"]
[Site "Woodvale, Perth WA AUS"]
[Date "2022.11.09"]
[Round "5"]
[White "Massam, Justin"]
[Black "Hounsome, David"]
[Result "1-0"]
[EventDate "2022.10.12"]
[EventType "swiss"]
[TimeControl "3600+30"]
[EventRounds "7"]
[EventCountry "AUS"]
[WhiteElo "1446"]
[BlackElo "1359"]
[ECO "A53"]
[PlyCount "113"]

1. d4 Nf6 2. Nf3 c6 3. c4 d6 4. Nc3 Bg4 5. Bg5 Bxf3 6. exf3 Nbd7 7. Bd3 g6 8.
O-O Bg7 9. Re1 O-O 10. Qd2 e5 11. d5 Re8 12. Ne4 Qc7 13. Nc3 Qa5 14. b3 cxd5
15. cxd5 Nxd5 16. Rac1 Rac8 17. Nb5 Qxd2 18. Bxd2 Rxc1 19. Rxc1 Bf8 20. Be4
N7b6 21. Nc7 Rc8 22. Nxd5 Rxc1+ 23. Bxc1 Nxd5 24. Bxd5 b6 25. Bg5 Kg7 26. Kf1
f6 27. Be3 Be7 28. a4 f5 29. g3 g5 30. f4 gxf4 31. gxf4 Kf6 32. fxe5+ dxe5 33.
f4 Bd6 34. fxe5+ Bxe5 35. h4 f4 36. Bf2 Kf5 37. Kg2 Kg4 38. Bf3+ Kf5 39. Kh3
Bd6 40. h5 h6 41. Bd4 Kg5 42. Bc3 Bc7 43. b4 a5 44. b5 Bd6 45. Kg2 Bc7 46. Kf2
Bd6 47. Ke2 Kf5 48. Kd3 Be5 49. Be1 Ke6 50. Bf2 Bc7 51. Ke4 Kf6 52. Kd5 Ke7 53.
Kc6 Kd8 54. Bh4+ Kc8 55. Bf6 Bd8 56. Bxd8 Kxd8 57. Kxb6 1-0

[Event "2022 Norbert Muller Cup (Division D)"]
[Site "Woodvale, Perth WA AUS"]
[Date "2022.11.09"]
[Round "5"]
[White "Weijermars, Tristan"]
[Black "Walker, Colin"]
[Result "1-0"]
[EventDate "2022.10.12"]
[EventType "swiss"]
[TimeControl "3600+30"]
[EventRounds "7"]
[EventCountry "AUS"]
[WhiteElo "1547"]
[BlackElo "1452"]
[ECO "B07"]
[PlyCount "111"]

1. Nc3 c6 2. Nf3 d6 3. d4 Nf6 4. e4 Bg4 5. Be2 d5 6. exd5 cxd5 7. O-O Bxf3 8.
Bxf3 e6 9. Bg5 Be7 10. Re1 O-O 11. Qd3 a6 12. Ne2 Nbd7 13. Ng3 Ne8 14. Bxe7
Qxe7 15. Bxd5 Qb4 16. Bb3 Nef6 17. c3 Qb6 18. Re2 Qc7 19. Rae1 Nb6 20. Bc2 Nbd5
21. Nh5 g6 22. Nxf6+ Nxf6 23. Qf3 Nd5 24. Be4 Rad8 25. Bxd5 Rxd5 26. Re5 Qd8
27. Rxd5 exd5 28. Re5 Qa5 29. Qxd5 Qa4 30. Qb3 Qd7 31. h3 Kg7 32. d5 Qd6 33.
Re1 b5 34. Qd1 Rd8 35. a4 Qb6 36. Qb3 Qc5 37. axb5 axb5 38. Rd1 Rd6 39. Kf1 Rf6
40. f3 Rd6 41. Rd4 h5 42. Ke2 f6 43. Kd3 f5 44. c4 bxc4+ 45. Qxc4 Qa5 46. g4
fxg4 47. fxg4 hxg4 48. hxg4 Qe1 49. Qc7+ Kh6 50. Qxd6 Qd1+ 51. Kc3 Qc1+ 52. Kd3
Qd1+ 53. Kc4 Qa4+ 54. b4 Qc2+ 55. Kb5 Qe2+ 56. Kb6 1-0

[Event "2022 Norbert Muller Cup (Division D)"]
[Site "Woodvale, Perth WA AUS"]
[Date "2022.11.09"]
[Round "5"]
[White "De Vas, Senudi"]
[Black "Markou, Victor"]
[Result "1-0"]
[EventDate "2022.10.12"]
[EventType "swiss"]
[TimeControl "3600+30"]
[EventRounds "7"]
[EventCountry "AUS"]
[WhiteElo "1129"]
[BlackElo "1064"]
[ECO "D13"]
[PlyCount "57"]

1. d4 d5 2. c4 c6 3. cxd5 cxd5 4. Nc3 e6 5. Nf3 Nf6 6. Bf4 Bd6 7. Bxd6 Qxd6 8.
e3 Nc6 9. Bd3 O-O 10. O-O Nb4 11. Be2 a6 12. a3 Nc6 13. Bd3 b5 14. e4 dxe4 15.
Nxe4 Qd8 16. Qc2 Bb7 17. Nxf6+ Qxf6 18. Bxh7+ Kh8 19. Be4 Rac8 20. Bxc6 Bxc6
21. Qd3 Rfd8 22. Rfe1 Bxf3 23. Qxf3 Qxf3 24. gxf3 Rxd4 25. Rad1 Rf4 26. Kg2 Rc2
27. Re5 Rc7 28. Rh5+ Kg8 29. Rd8# 1-0

[Event "2022 Norbert Muller Cup (Division D)"]
[Site "Woodvale, Perth WA AUS"]
[Date "2022.11.09"]
[Round "5"]
[White "Lanham, Bruce"]
[Black "Watson, Jake"]
[Result "1-0"]
[EventDate "2022.10.12"]
[EventType "swiss"]
[TimeControl "3600+30"]
[EventRounds "7"]
[EventCountry "AUS"]
[WhiteElo "1154"]
[BlackElo "1175"]
[ECO "D02"]
[PlyCount "87"]

1. d4 Nf6 2. Nf3 c6 3. g3 d5 4. Bg2 Bf5 5. c4 Qd7 6. Nc3 Bh3 7. O-O Bxg2 8.
Kxg2 dxc4 9. Ne5 Qd6 10. a4 Nbd7 11. Nxd7 Qxd7 12. Bg5 c5 13. dxc5 Qc6+ 14. Kg1
Qxc5 15. Bxf6 exf6 16. Qd5 Qb6 17. Rfd1 Bd6 18. Qxd6 Qxd6 19. Rxd6 O-O 20. Rad1
a6 21. e4 b5 22. axb5 axb5 23. Nxb5 Rab8 24. R6d5 h6 25. f3 Rb6 26. Kf2 Rfb8
27. Rd8+ Rxd8 28. Rxd8+ Kh7 29. Rd5 Ra6 30. Nc3 Rb6 31. Rb5 Rd6 32. Nd5 Ra6 33.
Ke3 Ra1 34. Nc3 Rh1 35. Kd4 Rxh2 36. Kxc4 Rh3 37. b4 Rxg3 38. Rd5 g6 39. b5 h5
40. b6 Rg2 41. Kb3 Rg1 42. b7 h4 43. b8=Q h3 44. Qh2 1-0

[Event "2022 Norbert Muller Cup (Division A)"]
[Site "Woodvale, Perth WA AUS"]
[Date "2022.11.16"]
[Round "6"]
[White "Wolstencroft, Alan"]
[Black "Saxon, Marc"]
[Result "1-0"]
[EventDate "2022.10.12"]
[EventType "tourn"]
[EventRounds "7"]
[EventCountry "AUS"]
[TimeControl "3600+30"]
[WhiteElo "1900"]
[BlackElo "2023"]
[ECO "B06"]
[PlyCount "189"]

1. e4 g6 2. d4 Bg7 3. Nc3 d6 4. Be3 Nc6 5. Qd2 e5 6. d5 Nce7 7. O-O-O a6 8. f3
f5 9. Bd3 Nf6 10. h3 O-O 11. Kb1 Rf7 12. Bg5 b5 13. g4 f4 14. h4 h6 15. Bxh6
Nxg4 16. Bxg7 Ne3 17. Bh6 b4 18. Nce2 Nxd1 19. Qxd1 Rh7 20. Bg5 c5 21. Nh3 Bxh3
22. Rxh3 c4 23. Bxc4 Qc8 24. Nxf4 Qxc4 25. Ne6 Kf7 26. Qd3 Qxd3 27. cxd3 Rc8
28. Bd2 a5 29. Ng5+ Kg7 30. Nxh7 Kxh7 31. Bg5 Rc7 32. f4 exf4 33. Bxf4 Nc8 34.
Rf3 Rf7 35. Rf2 Nb6 36. Be3 Rxf2 37. Bxf2 Nd7 38. Bd4 Kh6 39. Be3+ Kh5 40. Bf4
Kxh4 41. Bxd6 g5 42. Be7 Kh5 43. Kc2 g4 44. Kd2 g3 45. Ke2 Kg4 46. Bd6 Nf6 47.
e5 Nxd5 48. e6 Kf5 49. e7 Nf6 50. Bxg3 Ke6 51. Bh4 Ne8 52. Ke3 Nd6 53. Kd4 Nf5+
54. Kc5 Kd7 55. Bg5 Nd6 56. Kb6 a4 57. Kc5 Nf7 58. Bf6 b3 59. axb3 axb3 60. Kb4
Nh6 61. Kxb3 Ng4 62. Bg5 Ne5 63. Kc3 Nf7 64. Bf6 Nd6 65. b4 Kc6 66. Bh4 Kd7 67.
d4 Kc6 68. Kd3 Kd7 69. d5 Ne8 70. Kd4 Nd6 71. Kc5 Ne4+ 72. Kb6 Nc3 73. Kc5 Ne4+
74. Kd4 Nd6 75. Bg5 Nf7 76. Bh4 Nd6 77. Ke5 Nb5 78. Kf6 Nd6 79. Bg3 Ne4+ 80.
Kf7 Ng5+ 81. Kf8 Nh7+ 82. Kg7 Ng5 83. d6 Ke8 84. b5 Ne6+ 85. Kf6 Kd7 86. b6 Nc5
87. Bh2 Ke8 88. Bf4 Nd7+ 89. Ke6 Nxb6 90. Be5 Nd7 91. Kd5 Nb6+ 92. Kc6 Nd7 93.
Bd4 Nb8+ 94. Kc7 Nd7 95. Kc8 1-0

[Event "2022 Norbert Muller Cup (Division A)"]
[Site "Woodvale, Perth WA AUS"]
[Date "2022.11.23"]
[Round "6"]
[White "Maris, Rob"]
[Black "Lakner, Jay"]
[Result "1-0"]
[EventDate "2022.10.12"]
[EventType "tourn"]
[EventRounds "7"]
[EventCountry "AUS"]
[TimeControl "3600+30"]
[WhiteElo "2072"]
[BlackElo "2099"]
[ECO "A89"]
[PlyCount "75"]

1. d4 f5 2. c4 g6 3. g3 Nf6 4. Bg2 Bg7 5. Nc3 O-O 6. Nf3 d6 7. O-O Nc6 8. d5
Ne5 9. Nd2 g5 10. f4 gxf4 11. gxf4 Neg4 12. Nf3 c6 13. h3 Ne4 14. Nxe4 fxe4 15.
hxg4 Qb6+ 16. Kh1 Bxg4 17. Nh2 Bf5 18. e3 Rf6 19. Qc2 cxd5 20. cxd5 Rc8 21. Qa4
e6 22. Bxe4 Bh3 23. Rf3 Rh6 24. Rb1 e5 25. Bd2 exf4 26. exf4 Qd8 27. Rg1 Kh8
28. f5 Rh5 29. Rgg3 b5 30. Qxa7 Bg2+ 31. Rxg2 Be5 32. f6 Bxf6 33. Bc3 Rxc3 34.
bxc3 Be5 35. Qf2 Bg7 36. Rf7 Qe8 37. Qf4 Bh6 38. Qf6+ 1-0

[Event "2022 Norbert Muller Cup (Division A)"]
[Site "Woodvale, Perth WA AUS"]
[Date "2022.11.16"]
[Round "6"]
[White "Maggs, Derwent"]
[Black "Plaganyi, Gyula"]
[Result "1/2-1/2"]
[EventDate "2022.10.12"]
[EventType "tourn"]
[EventRounds "7"]
[EventCountry "AUS"]
[TimeControl "3600+30"]
[WhiteElo "2340"]
[BlackElo "1891"]
[BlackTitle "CM"]
[ECO "E11"]
[PlyCount "108"]

1. d4 Nf6 2. c4 e6 3. Nf3 Bb4+ 4. Nbd2 O-O 5. a3 Be7 6. e4 d5 7. e5 Ne8 8. Bd3
dxc4 9. Nxc4 c5 10. dxc5 f5 11. Nd6 Nc6 12. b4 b6 13. Nxc8 Rxc8 14. cxb6 axb6
15. Bb2 Nc7 16. O-O Nd5 17. Rc1 g5 18. Bb1 g4 19. Nd4 Nxd4 20. Qxd4 Bg5 21.
Rxc8 Qxc8 22. f4 gxf3 23. Rxf3 Kf7 24. Bxf5 Be3+ 25. Rxe3 Nxe3 26. Qxe3 exf5
27. Qxb6 Rd8 28. Qf6+ Ke8 29. h3 Qd7 30. e6 Qa7+ 31. Kh2 Qe7 32. Qxf5 Rd6 33.
Qb5+ Kf8 34. Qe5 Qxe6 35. Qh8+ Qg8 36. Qxg8+ Kxg8 37. a4 Rd2 38. Bc3 Rd3 39.
Be1 Kf7 40. Bf2 Ke6 41. a5 Rb3 42. Bc5 Ra3 43. g4 Ke5 44. Kg2 Kf4 45. Bd6+ Ke4
46. h4 Rd3 47. Bg3 Rb3 48. Be1 Kf4 49. g5 Rb2+ 50. Kg1 Kf3 51. a6 Rg2+ 52. Kf1
Rh2 53. Kg1 Rg2+ 54. Kh1 Ra2 1/2-1/2

[Event "2022 Norbert Muller Cup (Division B)"]
[Site "Woodvale, Perth WA AUS"]
[Date "2022.11.16"]
[Round "6"]
[White "Clarke, Daniel"]
[Black "Janceski, Alex"]
[Result "0-1"]
[EventDate "2022.10.12"]
[EventType "tourn"]
[EventRounds "7"]
[EventCountry "AUS"]
[TimeControl "3600+30"]
[WhiteElo "1834"]
[BlackElo "1886"]
[ECO "B92"]
[PlyCount "184"]

1. e4 c5 2. Nf3 d6 3. d4 cxd4 4. Nxd4 Nf6 5. Nc3 a6 6. Be2 e5 7. Nb3 Be6 8. O-O
Nc6 9. Be3 Be7 10. Nd5 O-O 11. Bb6 Qd7 12. Nc7 Rac8 13. Nxe6 fxe6 14. f3 Nd8
15. c4 Nf7 16. Qd2 Qc6 17. Bf2 Bd8 18. Qb4 b6 19. Rfd1 Bc7 20. Rac1 Nd7 21. Qc3
a5 22. Nd2 Ra8 23. Nb1 Nc5 24. Na3 Rfd8 25. Nb5 Na4 26. Qc2 Nc5 27. a4 Na6 28.
Qb3 Nc5 29. Qc2 Rd7 30. Bxc5 bxc5 31. b3 Bb6 32. Kh1 Rad8 33. Nc3 Qb7 34. Rd2
g6 35. Rcd1 Kf8 36. h4 Rb8 37. Nb5 Qc6 38. Nc3 Bd8 39. g3 Be7 40. Kg2 Qb6 41.
Nb5 Nd8 42. Rd3 Nc6 43. Qd2 Nd4 44. Qh6+ Kg8 45. R1d2 Rf8 46. h5 Rf6 47. hxg6
Rxg6 48. Qh3 Bg5 49. Rb2 Qd8 50. Kf2 Qf8 51. Qg2 Rf7 52. Nxd4 exd4 53. Qf1 e5
54. Qe1 Be3+ 55. Rxe3 dxe3+ 56. Kxe3 Qd8 57. Kd3 Rfg7 58. g4 Qb6 59. Qh4 Rg5
60. Bd1 R7g6 61. Rh2 Qb7 62. Qe1 Qc7 63. Qd2 Rg7 64. f4 exf4 65. Qxf4 Qe7 66.
Rh6 R7g6 67. Rh3 Qe5 68. Qf3 Qd4+ 69. Kc2 Rf6 70. Qe3 Rf2+ 71. Be2 Qxe3 72.
Rxe3 Rxg4 73. e5 dxe5 74. Rxe5 Rgg2 75. Kd3 Rxe2 76. Rxe2 Rxe2 77. Kxe2 Kf7 78.
Ke3 Ke7 79. Kf4 Kf6 80. Ke4 Ke6 81. Kf4 h6 82. Ke4 h5 83. Kf4 Kf6 84. Ke4 h4
85. b4 cxb4 86. Kd5 h3 87. c5 h2 88. c6 h1=Q+ 89. Kd6 Qc1 90. c7 b3 91. Kd7 b2
92. Kd8 b1=Q 0-1

[Event "2022 Norbert Muller Cup (Division B)"]
[Site "Woodvale, Perth WA AUS"]
[Date "2022.11.16"]
[Round "6"]
[White "Stortz, Robert"]
[Black "Leonhardt, Wolfgang"]
[Result "1-0"]
[EventDate "2022.10.12"]
[EventType "tourn"]
[EventRounds "7"]
[EventCountry "AUS"]
[TimeControl "3600+30"]
[WhiteElo "1838"]
[BlackElo "1776"]
[ECO "D02"]
[PlyCount "81"]

1. d4 d5 2. Bf4 e6 3. e3 Bd6 4. Bg3 Nf6 5. Nf3 Ne4 6. Nbd2 Nxg3 7. hxg3 Nd7 8.
Bd3 g6 9. c4 c6 10. c5 Bc7 11. Nh4 Nf8 12. f4 b6 13. b4 bxc5 14. bxc5 a5 15.
Qa4 Bd7 16. Rb1 Ra7 17. Nhf3 f6 18. Ke2 Kf7 19. Rh6 Kg7 20. Rbh1 Rb7 21. Nh4
Be8 22. Nxg6 Bxg6 23. Bxg6 Nxg6 24. Qxc6 Qc8 25. f5 Ne7 26. Qxe6 Qxe6 27. fxe6
a4 28. R6h5 Rb2 29. e4 Ba5 30. Rd1 Rd8 31. Ke3 Kg6 32. g4 Rxa2 33. Nf3 Bc7 34.
Rdh1 Rh8 35. exd5 Ra3+ 36. Ke4 Ba5 37. d6 Bd8 38. dxe7 Bxe7 39. Nh4+ Kg7 40.
Nf5+ Kf8 41. Rxh7 1-0

[Event "2022 Norbert Muller Cup (Division B)"]
[Site "Woodvale, Perth WA AUS"]
[Date "2022.11.16"]
[Round "6"]
[White "Gough, Dylan"]
[Black "O'Shaughnessy, Dave"]
[Result "0-1"]
[EventDate "2022.10.12"]
[EventType "tourn"]
[EventRounds "7"]
[EventCountry "AUS"]
[TimeControl "3600+30"]
[WhiteElo "1727"]
[BlackElo "1788"]
[ECO "D35"]
[PlyCount "52"]

1. d4 d5 2. c4 e6 3. Nc3 Nf6 4. e3 a6 5. cxd5 exd5 6. Bd3 c5 7. dxc5 Bxc5 8.
Nge2 Nc6 9. a3 O-O 10. b4 Ba7 11. O-O Re8 12. Kh1 Ng4 13. g3 Nge5 14. Nf4 d4
15. Ne4 dxe3 16. Bc2 Qxd1 17. Bxd1 exf2 18. Nxf2 b5 19. h3 Bb7 20. Kh2 Nd4 21.
N2d3 Ndf3+ 22. Bxf3 Nxf3+ 23. Rxf3 Bxf3 24. Ra2 Rac8 25. h4 h6 26. Nc5 Re1 0-1

[Event "2022 Norbert Muller Cup (Division B)"]
[Site "Woodvale, Perth WA AUS"]
[Date "2022.11.16"]
[Round "6"]
[White "Garang, Kuol Awan"]
[Black "Doshi, Chirag"]
[Result "0-1"]
[EventDate "2022.10.12"]
[EventType "tourn"]
[EventRounds "7"]
[EventCountry "AUS"]
[TimeControl "3600+30"]
[WhiteElo "1666"]
[BlackElo "1831"]
[ECO "B10"]
[PlyCount "82"]

1. e4 c6 2. f4 d5 3. e5 Bf5 4. Nf3 Bg4 5. d4 e6 6. Be3 Ne7 7. h3 Bxf3 8. Qxf3
Nf5 9. Bd3 Nxe3 10. Qxe3 Qb6 11. b3 c5 12. c3 cxd4 13. Qxd4 Bc5 14. Qa4+ Nc6
15. b4 Bf2+ 16. Kf1 Bg3 17. Qc2 Qe3 18. Qd2 Qxf4+ 19. Qxf4 Bxf4 20. Na3 Bxe5
21. Rc1 a6 22. b5 axb5 23. Nxb5 Rxa2 24. c4 O-O 25. h4 dxc4 26. Bxc4 Ra1 27.
Kf2 Rxc1 28. Rxc1 Rd8 29. Re1 Bd4+ 30. Kg3 g6 31. Re4 Kg7 32. Kh3 Bf6 33. g4 h6
34. h5 g5 35. Re3 Rd2 36. Kg3 Be5+ 37. Kf3 Bf4 38. Rc3 Ne5+ 39. Ke4 Nxg4 40.
Na7 f5+ 41. Kf3 Rf2# 0-1

[Event "2022 Norbert Muller Cup (Division C)"]
[Site "Woodvale, Perth WA AUS"]
[Date "2022.11.23"]
[Round "6"]
[White "Boswarva, Ernest"]
[Black "Oswald, Franz"]
[Result "1/2-1/2"]
[EventDate "2022.10.12"]
[EventType "tourn"]
[EventRounds "7"]
[EventCountry "AUS"]
[TimeControl "3600+30"]
[WhiteElo "1518"]
[BlackElo "1571"]
[ECO "D00"]
[PlyCount "111"]

1. d4 Nf6 2. e3 e6 3. Bd3 d5 4. Nd2 c5 5. c3 Nc6 6. f4 cxd4 7. exd4 Bd6 8. Ne2
Qc7 9. Nf3 Bd7 10. Ne5 Ne4 11. Bxe4 dxe4 12. Ng3 Nxe5 13. fxe5 Be7 14. Nxe4 Bc6
15. Qg4 O-O-O 16. Bg5 h5 17. Qe2 Rdf8 18. Bxe7 Qxe7 19. Nd6+ Kb8 20. O-O-O Qg5+
21. Kb1 Qxg2 22. Qxg2 Bxg2 23. Rhg1 Bf3 24. Rdf1 Be2 25. Rxf7 Rxf7 26. Nxf7 Bg4
27. h3 Bf5+ 28. Kc1 Rf8 29. Rxg7 Bxh3 30. Kc2 Bf5+ 31. Kb3 h4 32. Nd6 Rh8 33.
Nxf5 exf5 34. Rg1 h3 35. Kc2 h2 36. Rh1 Rh3 37. Kd2 f4 38. Ke2 Re3+ 39. Kf2 Rd3
40. Rxh2 Rd2+ 41. Kg1 Rd1+ 42. Kg2 Rd3 43. Rh3 Rd2+ 44. Kf3 Rxb2 45. Kxf4 Rxa2
46. e6 Kc7 47. d5 Kd6 48. Rd3 Rf2+ 49. Ke4 b5 50. Re3 Rd2 51. Rd3 Rf2 52. Rf3
Re2+ 53. Re3 Rd2 54. Rd3 Rf2 55. Ke3 Rf5 56. Ke4 1/2-1/2

[Event "2022 Norbert Muller Cup (Division C)"]
[Site "Woodvale, Perth WA AUS"]
[Date "2022.11.16"]
[Round "6"]
[White "De Vas, Yonal"]
[Black "Leech, Martin"]
[Result "1-0"]
[EventDate "2022.10.12"]
[EventType "tourn"]
[EventRounds "7"]
[EventCountry "AUS"]
[TimeControl "3600+30"]
[WhiteElo "1543"]
[BlackElo "1512"]
[ECO "D35"]
[PlyCount "105"]

1. d4 d5 2. c4 c6 3. Nf3 Nf6 4. Nc3 e6 5. Bf4 Nbd7 6. e3 Be7 7. cxd5 exd5 8.
Bd3 O-O 9. h3 Re8 10. O-O h6 11. Rc1 Qb6 12. Qc2 Nf8 13. a4 Bd7 14. Ne5 Be6 15.
Rfd1 c5 16. dxc5 Bxc5 17. Nxd5 Nxd5 18. Qxc5 Qxb2 19. Rb1 Qc3 20. Bh7+ Kxh7 21.
Rxd5 Qxc5 22. Rxc5 b6 23. Rc7 Kg8 24. Nc6 a6 25. Rxb6 Nd7 26. Rbb7 Nb8 27. Nxb8
Rexb8 28. Rxf7 Rxb7 29. Rxb7 Bd5 30. Rb8+ Rxb8 31. Bxb8 Kf7 32. Kh2 Ke6 33. Bc7
Kf5 34. f3 Ke6 35. e4 Bc6 36. a5 g6 37. Kg3 Bb7 38. Kh4 Kf7 39. g4 Ke6 40. Kg3
Bc6 41. h4 h5 42. gxh5 gxh5 43. Kf4 Be8 44. Kg5 Kd7 45. Bb6 Kd6 46. f4 Ke6 47.
e5 Bf7 48. Bc7 Kd7 49. Bd6 Ke6 50. f5+ Kd7 51. e6+ Bxe6 52. fxe6+ Kxd6 53. Kf6
1-0

[Event "2022 Norbert Muller Cup (Division C)"]
[Site "Woodvale, Perth WA AUS"]
[Date "2022.11.16"]
[Round "6"]
[White "Bhatia, Abhay"]
[Black "Rolph, Charlie"]
[Result "1/2-1/2"]
[EventDate "2022.10.12"]
[EventType "tourn"]
[EventRounds "7"]
[EventCountry "AUS"]
[TimeControl "3600+30"]
[WhiteElo "1598"]
[BlackElo "1734"]
[ECO "A84"]
[PlyCount "56"]

1. d4 f5 2. c4 e6 3. a3 Nf6 4. Nf3 b6 5. Bg5 Bb7 6. e3 Be7 7. Be2 O-O 8. O-O d6
9. Nc3 Nbd7 10. Bh4 Ne4 11. Bxe7 Qxe7 12. d5 Nxc3 13. bxc3 Nc5 14. dxe6 Nxe6
15. Qb3 Kh8 16. a4 f4 17. a5 fxe3 18. axb6 Nf4 19. bxa7 Nxe2+ 20. Kh1 Bxf3 21.
gxf3 exf2 22. Qb7 Qe3 23. Kg2 Nf4+ 24. Kg3 Nh5+ 25. Kg2 Qxc3 26. Rab1 Qxc4 27.
Qb8 Nf4+ 28. Kg3 Nh5+ 1/2-1/2

[Event "2022 Norbert Muller Cup (Division D)"]
[Site "Woodvale, Perth WA AUS"]
[Date "2022.11.16"]
[Round "6"]
[White "Hounsome, David"]
[Black "Gough, Sebastian"]
[Result "1-0"]
[EventDate "2022.10.12"]
[EventType "swiss"]
[TimeControl "3600+30"]
[EventRounds "7"]
[EventCountry "AUS"]
[WhiteElo "1359"]
[BlackElo "1006"]
[ECO "A06"]
[PlyCount "63"]

1. b3 d5 2. Bb2 Nf6 3. e3 Bf5 4. Nf3 e6 5. d4 h6 6. Nbd2 Bd6 7. Be2 Nbd7 8. O-O
c6 9. Ne5 Qc7 10. f4 O-O-O 11. Nxf7 Bg4 12. Bxg4 Nxg4 13. Qxg4 g5 14. Nxd6+
Qxd6 15. c4 Rdg8 16. c5 Qc7 17. Qxe6 g4 18. g3 h5 19. f5 Kd8 20. Rf4 h4 21. Nf1
hxg3 22. Nxg3 Rg7 23. Raf1 Rh3 24. Bc3 Rgh7 25. R1f2 R7h6 26. Qg8+ Ke7 27. Qxg4
Nf6 28. Qg7+ Kd8 29. Qxc7+ Kxc7 30. e4 Rxg3+ 31. hxg3 Nxe4 32. R2f3 1-0

[Event "2022 Norbert Muller Cup (Division D)"]
[Site "Woodvale, Perth WA AUS"]
[Date "2022.11.16"]
[Round "6"]
[White "Kwenda, Ridge"]
[Black "De Vas, Senudi"]
[Result "0-1"]
[EventDate "2022.10.12"]
[EventType "swiss"]
[TimeControl "3600+30"]
[EventRounds "7"]
[EventCountry "AUS"]
[WhiteElo "1052"]
[BlackElo "1129"]
[ECO "C02"]
[PlyCount "106"]

1. e4 e6 2. Nf3 d5 3. e5 c5 4. d4 Nc6 5. c3 Qb6 6. a4 Nge7 7. Bb5 a6 8. dxc5
Qa7 9. Bxc6+ Nxc6 10. Be3 Bxc5 11. Bxc5 Qxc5 12. O-O O-O 13. b4 Qb6 14. Qd3 Qc7
15. Re1 Qe7 16. b5 axb5 17. Qxb5 Rb8 18. Nd4 Bd7 19. Nxc6 Bxc6 20. Qb6 Qd8 21.
Qxd8 Rfxd8 22. a5 d4 23. Rd1 dxc3 24. Rxd8+ Rxd8 25. Nxc3 f6 26. exf6 gxf6 27.
h3 Rc8 28. a6 bxa6 29. Rxa6 Bb7 30. Ra3 Ra8 31. Rb3 Ra1+ 32. Kh2 Bd5 33. Nxd5
exd5 34. Rd3 Ra5 35. Kg3 Kf7 36. Kf4 Ke6 37. Re3+ Kd6 38. Re8 Ra2 39. Kg3 Ra7
40. f4 d4 41. Kf3 Ra3+ 42. Ke4 Re3+ 43. Kxd4 Rxe8 44. g4 Re1 45. h4 Rh1 46. h5
Rh4 47. Ke4 Rxg4 48. Kf5 Rh4 49. Kxf6 Rxh5 50. f5 Rh1 51. Kf7 Rf1 52. f6 Ke5
53. Ke7 Rxf6 0-1

[Event "2022 Norbert Muller Cup (Division D)"]
[Site "Woodvale, Perth WA AUS"]
[Date "2022.11.16"]
[Round "6"]
[White "Walker, Colin"]
[Black "Lanham, Bruce"]
[Result "1/2-1/2"]
[EventDate "2022.10.12"]
[EventType "swiss"]
[TimeControl "3600+30"]
[EventRounds "7"]
[EventCountry "AUS"]
[WhiteElo "1452"]
[BlackElo "1154"]
[ECO "D02"]
[PlyCount "114"]

1. d4 d5 2. Nf3 Nf6 3. g3 c5 4. Bg2 e6 5. dxc5 Nc6 6. O-O Bxc5 7. c3 O-O 8. Nd4
Nxd4 9. cxd4 Bd6 10. Nc3 Qd7 11. e3 b5 12. b3 a5 13. Bd2 b4 14. Ne2 Ba6 15. Re1
Rfc8 16. Bc1 Qb7 17. Bf1 Rc7 18. h3 Ne4 19. Kg2 Rac8 20. f3 Nc3 21. Nxc3 Bxf1+
22. Rxf1 bxc3 23. Qc2 Rc6 24. f4 h6 25. Rf2 Qc7 26. Re2 f5 27. g4 Qf7 28. Kf3
g6 29. Rg2 Kg7 30. h4 Rb8 31. gxf5 Qxf5 32. Qxf5 exf5 33. h5 Bb4 34. a3 Bd6 35.
Rxg6+ Kf7 36. b4 a4 37. Rg2 Rg8 38. Rc2 Rg1 39. Raa2 Rh1 40. Rg2 Rxc1 41. Rac2
Rxc2 42. Rxc2 Bxb4 43. axb4 a3 44. b5 Rc4 45. b6 a2 46. b7 a1=Q 47. b8=Q Qh1+
48. Kg3 Qg1+ 49. Kf3 Qd1+ 50. Kg3 Qxc2 51. Qb7+ Ke6 52. Qb6+ Kd7 53. Qb7+ Rc7
54. Qxd5+ Kc8 55. Qa8+ Kd7 56. Qd5+ Kc8 57. Qa8+ Kd7 1/2-1/2

[Event "2022 Norbert Muller Cup (Division A)"]
[Site "Woodvale, Perth WA AUS"]
[Date "2022.11.30"]
[Round "7"]
[White "Lakner, Jay"]
[Black "Saxon, Marc"]
[Result "1-0"]
[EventDate "2022.10.12"]
[EventType "tourn"]
[EventRounds "7"]
[EventCountry "AUS"]
[TimeControl "3600+30"]
[WhiteElo "2099"]
[BlackElo "2023"]
[ECO "A24"]
[PlyCount "121"]

1. c4 Nf6 2. Nc3 g6 3. e4 d6 4. g3 Bg7 5. Bg2 e5 6. Nge2 O-O 7. d3 c6 8. O-O
Be6 9. h3 Qd7 10. Kh2 d5 11. exd5 cxd5 12. Qb3 e4 13. dxe4 dxc4 14. Qb5 a6 15.
Qxd7 Nfxd7 16. f4 Nc5 17. f5 Bd7 18. f6 Bh8 19. Nd5 Nc6 20. Nd4 h5 21. Nxc6
bxc6 22. Ne7+ Kh7 23. Be3 Nd3 24. Rad1 Rad8 25. b3 Be6 26. Nxc6 Rd7 27. Nd4 Ne5
28. Rb1 Rfd8 29. Nxe6 fxe6 30. Bc5 Rd2 31. f7 Nd7 32. f8=Q Nxf8 33. Rxf8 Rxf8
34. Bxf8 c3 35. Bb4 c2 36. Rc1 Re2 37. Ba3 Bd4 38. Rf1 Be3 39. Rf7+ Kg8 40. Rc7
Re1 41. h4 c1=Q 42. Bxc1 Rxc1 43. Rb7 Rc2 44. a4 Rb2 45. Re7 Rxb3 46. Rxe6 Kf7
47. Rxa6 Bf2 48. Bh3 Ra3 49. g4 hxg4 50. Bxg4 Bxh4 51. Bd7 Re3 52. Bc6 Be1 53.
Bd5+ Kg7 54. Ra8 Kh6 55. a5 Kg5 56. a6 Re2+ 57. Kg1 Kg4 58. Kf1 Re3 59. Rg8 Ra3
60. Kxe1 Kf3 61. Rxg6 1-0

[Event "2022 Norbert Muller Cup (Division A)"]
[Site "Woodvale, Perth WA AUS"]
[Date "2022.11.30"]
[Round "7"]
[White "Maris, Rob"]
[Black "Plaganyi, Gyula"]
[Result "1-0"]
[EventDate "2022.10.12"]
[EventType "tourn"]
[EventRounds "7"]
[EventCountry "AUS"]
[TimeControl "3600+30"]
[WhiteElo "2072"]
[BlackElo "1891"]
[BlackTitle "CM"]
[ECO "A50"]
[PlyCount "47"]

1. c4 b6 2. Nc3 Bb7 3. d4 Nf6 4. Bf4 e6 5. a3 Be7 6. e3 O-O 7. Qc2 d6 8. Nf3
Nbd7 9. Bd3 h6 10. e4 Rc8 11. h3 d5 12. cxd5 exd5 13. e5 Nh5 14. Be3 g5 15. h4
Nf4 16. Bxf4 gxf4 17. Qd2 Kg7 18. Qxf4 Rg8 19. Rh3 Kf8 20. e6 Nf6 21. Qxh6+ Ke8
22. Ne5 Rf8 23. exf7+ Rxf7 24. Qg6 1-0